 Dungeon Crawl Stone Soup version 0.18-a0-998-gcb3fcb1 (webtiles) character file.

24 kae the Firebug (level 3, -1/19 HPs)
             Began as a Tengu Fire Elementalist on Jan 5, 2016.
             Slain by Natasha (6 damage)
             ... on level 2 of the Dungeon.
             The game lasted 00:00:49 (715 turns).

kae the Firebug (Tengu Fire Elementalist)            Turns: 715, Time: 00:00:50

Health: -1/19      AC:  2    Str:  6 (8)  XL:     3   Next: 2%
Magic:  4/7        EV: 12    Int: 16      God:
Gold:   41         SH:  0    Dex: 14      Spells: 1 memorised, 5 levels left

rFire  . . .     SeeInvis .     e - +4 whip
rCold  . . .     Gourm    .     a - +0 robe
rNeg   . . .     Faith    .     (no shield)
rPois  .         Spirit   .     (helmet restricted)
rElec  .         Dismiss  .     (no cloak)
rCorr  .         Reflect  .     (no gloves)
SustAt .         Harm     .     (boots unavailable)
MR     .....                    (no amulet)
Stlth  ++........               (no ring)
                                (no ring)

@: very slightly contaminated, not resistant to hostile enchantments, unstealthy
A: beak, talons 3
a: no special abilities


You were on level 2 of the Dungeon.
You were not hungry.

You visited 1 branch of the dungeon, and saw 2 of its levels.

You collected 41 gold pieces.

Inventory:

Hand Weapons
 e - a +4 whip (weapon)
Armour
 a - a +0 robe (worn)
Scrolls
 f - 2 scrolls of identify {unknown}
 h - a scroll of noise {unknown}
 j - a scroll of blinking {unknown}
 k - a scroll of enchant weapon {unknown}
 l - a scroll of fear {unknown}
 m - a scroll of random uselessness {unknown}
 n - a scroll of immolation {unknown}
 o - 3 scrolls of teleportation {unknown}
Potions
 p - a potion of haste {unknown}
Books
 b - a book of Flames

   Spells                             Type                      Level
   a - Flame Tongue                   Conjuration/Fire             1
   b - Throw Flame                    Conjuration/Fire             2
   c - Conjure Flame                  Conjuration/Fire             3
   d - Inner Flame                    Hexes/Fire                   3
   e - Sticky Flame                   Conjuration/Fire             4
   f - Fireball                       Conjuration/Fire             5
Comestibles
 c - a bread ration
 g - a meat ration
 i - a beef jerky


   Skills:
 + Level 1.6 Maces & Flails
 - Level 2.1 Dodging
 - Level 2.0 Stealth
 - Level 2.1 Spellcasting
 - Level 2.1 Conjurations
 - Level 3.5 Fire Magic


You had 5 spell levels left.
You knew the following spells:

 Your Spells              Type           Power        Failure   Level  Hunger
a - Flame Tongue          Conj/Fire      ##...        10%         1    #......


Dungeon Overview and Level Annotations

Branches:
Dungeon (2/15)

Altars:

Annotations:
D:2 Natasha


Innate Abilities, Weirdness & Mutations

You have a beak for a mouth.
You have claws for feet.


Message History

Aim: Natasha You miscast Flame Tongue.
You are very lightly contaminated with residual magic.
Nothing appears to happen.
Natasha mumbles some strange words.
Casting: Flame Tongue
Confirm with . or Enter, or press ? or * to list all spells.
Aiming: Flame Tongue
Press: ? - help, Shift-Dir - straight line, f/p - Natasha
Aim: Natasha The flame tongue hits the crimson imp.
The crimson imp completely resists.
The crimson imp hits you.
* * * LOW HITPOINT WARNING * * *
Unknown command.
Drink which item? (? for menu, Esc to quit)
It was a potion of degeneration.
There was something very wrong with that liquid.
You feel weakened. Natasha claws you.
You die...

#...........##.#####.#.##
#.......###.#........#.##
........###.#....#####.##
.......................#.
..##........#.######.....
.. #........#.........###
#....###.#.######..###
.####..###.#.#<.........
.[.....5@)..# #.####..###
.###.#.h......#.# #..#
...#..#####.### #..# ###
#..# #..# #..# #..# #..#
#... #... ..# #..


You could see Natasha and a crimson imp.

Vanquished Creatures
  A bat (D:1)
  6 goblins
  2 hobgoblins (D:1)
  3 jackals (D:2)
  A quokka (D:2)
  3 kobolds (D:1)
  4 rats (D:1)
20 creatures vanquished.

Notes
Turn   | Place    | Note
--------------------------------------------------------------
     0 | D:1      | kae the Tengu Fire Elementalist began the quest for the Orb.
     0 | D:1      | Reached XP level 1. HP: 10/10 MP: 4/4
   215 | D:1      | Reached XP level 2. HP: 15/15 MP: 6/6
   557 | D:1      | Reached skill level 1 in Maces & Flails
   705 | D:2      | Noticed Natasha
   711 | D:2      | Reached XP level 3. HP: 7/19 MP: 7/7
   715 | D:2      | Slain by Natasha

Vault maps used:
D:1:      tarquinn_simple_flora_water_a, grunt_decor_one_mirror,
          wad_floor_pattern_2, st_stairs_1, minmay_misc_feat_cross,
          moated_statue
D:2:      uniq_natasha

Action                   || total
-------------------------++-------
Melee: Whip              ||    33
 Cast: Flame Tongue      ||     5
  Use: Potion            ||     1
 Stab: Sleeping          ||     2
